 Dungeon Crawl Stone Soup version 0.25-a0-105-g2289b3b9f1 (console) character file.

Game seed: 255010370638104473, levelgen mode: deterministic

43 Kagalorn the Charmwright (level 3, -3/31 HPs)
             Began as a Gnoll Skald on Nov 16, 2019.
             Killed by miscasting Regeneration (9 damage)
             ... on level 2 of the Dungeon.
             The game lasted 00:03:55 (1174 turns).

Kagalorn the Charmwright (Gnoll Skald)              Turns: 1174, Time: 00:03:55

Health: -3/31      AC:  6    Str: 13    XL:     3   Next: 58%
Magic:  6/9        EV: 12    Int: 16    God:
Gold:   74         SH:  0    Dex: 14    Spells: 5/12 levels left

rFire    . . .     SeeInvis .   a - +0 hand axe
rCold    . . .     Gourm    .   (no shield)
rNeg     . . .     Faith    .   j - +0 ring mail
rPois    .         Spirit   .   (no helmet)
rElec    .         Reflect  .   (no cloak)
rCorr    .         Harm     .   e - +0 pair of gloves
MR       .....                  (no boots)
Stlth    +.........             (no amulet)
HPRegen  0.10/turn              (no ring)
MPRegen  0.11/turn              (no ring)

@: very slightly contaminated
A: distributed training, fangs 1, strong nose
a: no special abilities


You were on level 2 of the Dungeon.
You were not hungry.

You visited 1 branch of the dungeon, and saw 3 of its levels.

You collected 74 gold pieces.

Inventory:

Hand Weapons
 a - a +0 hand axe (weapon)
Missiles
 b - 48 stones (quivered)
 o - 24 bolts
Armour
 e - a +0 pair of gloves (worn)
 j - a +0 ring mail (worn)
Jewellery
 f - an uncursed ring of see invisible {unknown}
 i - an uncursed ring of magical power {unknown}
 m - a cursed amulet of inaccuracy {unknown}
Scrolls
 c - 2 scrolls of identify {unknown}
 n - a scroll of amnesia {unknown}
Potions
 g - a potion of lignification {unknown}
 h - a potion of curing {unknown}
 k - a potion of flight {unknown}
 l - a potion of ambrosia {unknown}
Comestibles
 d - 3 rations


   Skills:
 + Level 4.5 Fighting
 + Level 0.8 Short Blades
 + Level 0.8 Long Blades
 + Level 4.5 Axes
 + Level 0.8 Maces & Flails
 + Level 0.8 Polearms
 + Level 0.8 Staves
 + Level 0.8 Slings
 + Level 0.8 Bows
 + Level 0.8 Crossbows
 + Level 0.8 Throwing
 + Level 2.6 Armour
 + Level 4.5 Dodging
 + Level 0.8 Stealth
 + Level 0.8 Shields
 + Level 0.8 Unarmed Combat
 + Level 5.0 Spellcasting
 + Level 0.5 Conjurations
 + Level 0.5 Hexes
 + Level 5.4 Charms
 + Level 0.5 Summonings
 + Level 0.5 Necromancy
 + Level 0.5 Translocations
 + Level 0.5 Transmutations
 + Level 0.5 Fire Magic
 + Level 0.5 Ice Magic
 + Level 0.5 Air Magic
 + Level 0.5 Earth Magic
 + Level 0.5 Poison Magic
 + Level 1.0 Invocations
 + Level 0.8 Evocations


You had 5 spell levels left.
You knew the following spells:

 Your Spells              Type           Power        Failure   Level  Hunger
a - Infusion              Chrm           ###.         3%          1    None
b - Regeneration          Chrm/Necr      ##........   26%         3    ###....
d - Spectral Weapon       Hex/Chrm       ##......     26%         3    ###....

Your spell library contained the following spells:

 Spells                   Type           Power        Failure   Level  Hunger
 Song of Slaying          Chrm           ###.....     4%          2    #......
 Shroud of Golubria       Chrm/Tloc      ##....       14%         2    #......


Dungeon Overview and Level Annotations

Branches:
Dungeon (3/15)

Altars:


Innate Abilities, Weirdness & Mutations

Your experience applies equally to all skills.
You have very sharp teeth.
Your uncanny sense of smell can sniff out nearby items.


Message History

Reactivating autopickup.
There is a stone staircase leading down here.
You hit the orc but do no damage.
The orc is heavily wounded.
You miss something. Something hits you.
* * * LOW HITPOINT WARNING * * *
Deactivating autopickup; reactivate with Ctrl-A.
You hit the orc but do no damage.
The orc is heavily wounded.
You hit something but do no damage. Something hits you but does no damage.
The orc hits you with a +0 falchion.
* * * LOW HITPOINT WARNING * * *
Something hits you but does no damage.
Sorry, you're not good enough to have a special ability.
Casting: Regeneration (safe; 26% risk of failure)
Confirm with . or Enter, or press ? or * to list all spells.
You miscast Regeneration.
You are very lightly contaminated with residual magic.
Pain shoots through your body!
You die...

# #.###########.###.##.# #
#.............# #.##.## #
########.###### #.#...## # #.#
#......## # #.# #........ # #.#
###......)# # ##.####
#.......... #.o...# #.#........
##@##.# #.###...##. ####.# #.#
#...##. #.# #.# ##.###. #.# #.#
#..# #. ############ #.# #.#
#.####. #..........# #)#
#.###.###.. #.########.#
#.###.......... #.#
##..#######.รท.......####.
#.######.#..........##..........


You could see an orc.

Vanquished Creatures
  2 adders (D:2)
  An orc (D:3)
  5 bats
  2 giant cockroaches
  4 goblins
  2 hobgoblins
  2 quokkas (D:2)
  A ball python (D:2)
  2 kobolds
  2 rats
23 creatures vanquished.

Notes
Turn   | Place    | Note
-------+----------+-------------------------------------------
     0 | D:1      | Kagalorn the Gnoll Skald began the quest for the Orb.
     0 | D:1      | Reached XP level 1. HP: 20/20 MP: 6/6
   249 | D:1      | Reached XP level 2. HP: 26/26 MP: 7/7
   715 | D:2      | Reached skill level 5 in Spellcasting
   715 | D:2      | Reached XP level 3. HP: 11/31 MP: 7/9
   734 | D:2      | Learned a level 3 spell: Regeneration
   738 | D:2      | Learned a level 3 spell: Spectral Weapon
  1060 | D:2      | Reached skill level 1 in Invocations
  1174 | D:2      | Killed by miscasting Regeneration

Levels and vault maps discovered:
D:1:      dpeg_arrival_line_fractal, layout_loops_ring
D:2:      layout_loops_ring
D:3:      layout_loops_ring, hellmonk_ghost_happy_afterlife

Skill      XL: |  1  2  3 |
---------------+----------+-----
Spellcasting   | 5 |  5.0
Invocations    | 1 |  1.0
Fighting       | |  4.5
Short Blades   | |  0.8
Long Blades    | |  0.8
Axes           | |  4.5
Maces & Flails | |  0.8
Polearms       | |  0.8
Staves         | |  0.8
Slings         | |  0.8
Bows           | |  0.8
Crossbows      | |  0.8
Throwing       | |  0.8
Armour         | |  2.6
Dodging        | |  4.5
Stealth        | |  0.8
Shields        | |  0.8
Unarmed Combat | |  0.8
Conjurations   | |  0.5
Hexes          | |  0.5
Charms         | |  5.4
Summonings     | |  0.5
Necromancy     | |  0.5
Translocations | |  0.5
Transmutations | |  0.5
Fire Magic     | |  0.5
Ice Magic      | |  0.5
Air Magic      | |  0.5
Earth Magic    | |  0.5
Poison Magic   | |  0.5
Evocations     | |  0.8

Action                   || total
-------------------------++-------
Melee: Hand axe          ||    81
       Bite              ||     3
 Cast: Regeneration      ||     1
  Eat: Chunk             ||     1
Armor: Scale mail        ||    15
       Ring mail         ||    24
Dodge: Dodged            ||    65

Table legend:
 A = Non-vault XP
 B = Vault XP
 C = Vault XP percentage of total XP
 D = Non-vault monster count
 E = Vault monster count
 F = Vault count percentage of total count
                 A         B        C        D         E       F
            +---------+---------+-------+---------+---------+-------
      Total |      62 |       0 |   0.0 |      23 |       0 |   0.0
            +---------+---------+-------+---------+---------+-------
        D:1 |      13 |       0 |   0.0 |       8 |       0 |   0.0
        D:2 |      45 |       0 |   0.0 |      13 |       0 |   0.0
        D:3 |       4 |       0 |   0.0 |       2 |       0 |   0.0
            +---------+---------+-------+---------+---------+-------
